 Dungeon Crawl Stone Soup version 0.28.0 (webtiles) character file.

Game seed: 4815554312428167278

4974 browni3141 the Cleaver (level 10, -7/93 HPs)
             Began as a Minotaur Berserker on Feb 10, 2022.
             Was an Elder of Trog.
             Mangled by a skeletal warrior (16 damage)
             ... on level 8 of the Dungeon.
             The game lasted 00:05:31 (7678 turns).

browni3141 the Cleaver (Minotaur Berserker)         Turns: 7678, Time: 00:05:32

Health: -7/93      AC: 16    Str: 32    XL:     10   Next: 28%
Magic:  9/9        EV: 12    Int:  4    God:    Trog [****..]
Gold:   94         SH:  0    Dex: 13    Spells: 9/9 levels left

rFire   . . .      SeeInvis .   A - +0 broad axe
rCold   + . .      Faith    .   (no shield)
rNeg    . . .      Spirit   .   x - +2 chain mail {rC+}
rPois   .          Reflect  .   (helmet restricted)
rElec   .          Harm     .   (no cloak)
rCorr   .          Rampage  .   z - +2 pair of gloves {Dex+3}
Will    ++...                   (no boots)
Stlth   ..........              e - amulet of the acrobat
HPRegen 1.25/turn               q - +6 ring of strength
MPRegen 0.11/turn               (no ring)

@: strong-willed, regenerating, slowed, very slow
A: horns 2, retaliatory headbutt
a: Renounce Religion, Berserk, Trog's Hand, Brothers in Arms


You were on level 8 of the Dungeon.
You worshipped Trog.
Trog was greatly pleased with you.
You visited 1 branch of the dungeon, and saw 8 of its levels.

You collected 416 gold pieces.
You spent 322 gold pieces at shops.

Inventory:

Hand Weapons
 A - a +0 broad axe (weapon)
Missiles
 w - 2 throwing nets (quivered)
Armour
 b - a +0 animal skin
 t - a +0 chain mail
 x - a +2 chain mail of cold resistance (worn)
 z - a +2 pair of gloves of dexterity (worn)
Jewellery
 e - an amulet of the acrobat (around neck)
 q - a +6 ring of strength (left hand)
Wands
 p - a wand of iceblast (11)
Scrolls
 d - 3 scrolls of fog {unknown}
 f - 12 scrolls of identify {unknown}
 g - 2 scrolls of enchant weapon {unknown}
 i - 3 scrolls of noise {unknown}
 j - a scroll of vulnerability {unknown}
 m - a scroll of magic mapping {unknown}
 o - 6 scrolls of teleportation {unknown}
 r - 2 scrolls of brand weapon {unknown}
 v - a scroll of holy word {unknown}
 y - a scroll of blinking {unknown}
Potions
 c - 2 potions of heal wounds {unknown}
 h - a potion of berserk rage {unknown}
 k - a potion of brilliance {unknown}
 l - 2 potions of magic {unknown}
 n - 2 potions of invisibility {unknown}
 s - a potion of cancellation {unknown}
 u - a potion of experience {unknown}


   Skills:
 + Level 9.8 Fighting
 + Level 9.9 Axes
 + Level 9.5 Armour
 + Level 8.6 Dodging


You had 9 spell levels left.
You didn't know any spells.
Your spell library was empty.

Dungeon Overview and Level Annotations

Branches:
Dungeon (8/15)             Temple (0/1) D:4
   Lair: D:8-11

Altars:
Ashenzari
Fedhas
Gozag
Hepliaklqana
Kikubaaqudgha
Makhleb
Nemelex Xobeh
Ru
Sif Muna
Trog
Uskayaw
Vehumet
Xom
Zin
The Shining One

Shops:
D:1 *(::   D:6 *   D:8 [


Innate Abilities, Weirdness & Mutations

You have a pair of horns on your head.
You reflexively headbutt those who attack you in melee.


Message History

A skeletal warrior comes into view. It is wielding a +0 dire flail.
You slash the skeletal warrior!
You headbutt the skeletal warrior, but do no damage.
The skeletal warrior is lightly damaged.
The skeletal warrior hits you with a +0 dire flail!
The skeletal warrior hits you with a +0 dire flail!!
You barely miss the skeletal warrior.
Your headbutt misses the skeletal warrior.
The skeletal warrior is lightly damaged.
The skeletal warrior hits you with a +0 dire flail!!
* * * LOW HITPOINT WARNING * * *
You slash the skeletal warrior!
The skeletal warrior is moderately damaged.
The skeletal warrior hits you with a +0 dire flail.
* * * LOW HITPOINT WARNING * * *
The skeletal warrior closely misses you.
Unknown command.
Okay, then.
Your skin crawls.
You feel strong-willed.
The skeletal warrior closely misses you.
You furiously retaliate!
You headbutt the skeletal warrior, but do no damage.
The skeletal warrior hits you but does no damage.
You fail to use your ability.
The skeletal warrior closely misses you.
Unknown command.
Unknown command.
You fail to use your ability.
The skeletal warrior hits you with a +0 dire flail.
The skeletal warrior hits you with a +0 dire flail!
* * * LOW HITPOINT WARNING * * *
Unknown command.
You fail to use your ability.
The skeletal warrior hits you with a +0 dire flail!
* * * LOW HITPOINT WARNING * * *
Unknown command.
You fail to use your ability.
The skeletal warrior hits you with a +0 dire flail!
You die...

##..#####.#####.#..#..## #...#
#.##..#.##.....## ##.#.#
#..#..#.#.##......#
##..#.##.#####.##.##.......
##..##.## # #.##.#........
##..###.# #. ###.#.#.....)..
#..## #.## #.#.#..#..........
##.#####.##.##z##.##..........
##.####...# #.@#..#.#.##.......
##..##.....#..##.##..#..........
##..#.>.....###########....#....#
..............................###
............).##.#..........###
#.............##..........###
..............####........#
#.............# ##.......#
##...........## ###...###


You could see a skeletal warrior.

Vanquished Creatures
  A two-headed ogre (D:8)
  A hornet (D:8)
  Grinder (D:3)
  3 wraiths (D:8)
  A wyvern (D:7)
  3 steam dragons
  Edmund (D:6)
  Duvessa (D:7)
  A water moccasin (D:6)
  2 black bears
  A sky beast (D:5)
  A necrophage (D:7)
  4 ogres
  2 hornet zombies
  2 centaurs
  A phantom (D:5)
  2 kobold brigands
  2 bullfrogs
  2 scorpions
  Dowan (D:7)
  3 wights (D:8)
  3 howler monkeys (D:8)
  2 bullfrog zombies (D:6)
  5 hounds
  2 jellies
  A centaur skeleton (D:4)
  An orc priest (D:6)
  A centaur zombie (D:4)
  3 iguanas
  5 orc wizards
  3 scorpion zombies (D:4)
  A killer bee zombie (D:5)
  2 hound zombies (D:4)
  A hound skeleton (D:4)
  A howler monkey skeleton (D:7)
  A howler monkey zombie (D:5)
  9 adders
  A shadow imp (D:5)
  A white imp (D:7)
  An adder zombie (D:4)
  A worm (D:2)
  A dart slug (D:2)
  18 orcs
  6 ball pythons
  5 bats
  3 endoplasms
  3 giant cockroaches
  9 goblins
  4 hobgoblins
  4 jackals (D:5)
  20 kobolds
  8 quokkas
  5 frilled lizards (D:1)
  4 rats
  A spectral kobold (D:2)
172 creatures vanquished.

Vanquished Creatures (others)
  4 withered plants (D:4)
4 creatures vanquished.

Grand Total: 176 creatures vanquished

Notes
Turn   | Place    | Note
-------+----------+-------------------------------------------
     0 | D:1      | browni3141 the Minotaur Berserker began the quest for the
                  | Orb.
     0 | D:1      | Reached XP level 1. HP: 19/19 MP: 0/0
   116 | D:1      | Found Gyaxkec's Book Boutique.
   122 | D:1      | Reached XP level 2. HP: 27/27 MP: 1/1
   168 | D:1      | Found Nioschas's Book Boutique.
   240 | D:1      | Found Ohots's Weapon Shoppe.
   622 | D:1      | Found Numull's Assorted Antiques.
   718 | D:2      | Reached XP level 3. HP: 33/33 MP: 2/2
   756 | D:2      | Reached ** piety under Trog
   795 | D:2      | Identified the +11 spear of Ointment {pain, *Corrode rElec
                  | rF+}
   839 | D:2      | Found a faded altar of an unknown god.
   893 | D:2      | Reached XP level 4. HP: 25/36 MP: 3/3
  1899 | D:3      | Noticed Grinder
  1913 | D:3      | Killed Grinder
  1914 | D:3      | Reached skill level 5 in Fighting
  1914 | D:3      | Reached skill level 5 in Axes
  1914 | D:3      | Reached XP level 5. HP: 44/48 MP: 4/4
  1914 | D:3      | Reached XP level 6. HP: 51/56 MP: 5/5
  1939 | D:3      | Identified the +2 robe of an ice cave {Rampage Slay+2}
  2135 | D:3      | Found a glowing golden altar of the Shining One.
  3250 | D:4      | Reached skill level 5 in Armour
  3250 | D:4      | Reached XP level 7. HP: 62/62 MP: 6/6
  3376 | D:4      | Found a shimmering altar of Xom.
  3396 | D:4      | Found a staircase to the Ecumenical Temple.
  3510 | D:4      | Reached skill level 5 in Dodging
  3707 | D:5      | Entered Level 5 of the Dungeon
  4087 | D:5      | Reached XP level 8. HP: 71/71 MP: 7/7
  4428 | D:5      | Reached *** piety under Trog
  4824 | D:5      | Found a hazy altar of Hepliaklqana.
  4830 | D:5      | Found a sparkling altar of Nemelex Xobeh.
  4831 | D:5      | Found a radiant altar of Vehumet.
  4831 | D:5      | Found a sacrificial altar of Ru.
  4831 | D:5      | Found an ancient bone altar of Kikubaaqudgha.
  4831 | D:5      | Found an opulent altar of Gozag.
  4832 | D:5      | Found a shimmering blue altar of Sif Muna.
  4833 | D:5      | Found a glowing silver altar of Zin.
  4834 | D:5      | Found a burning altar of Makhleb.
  4836 | D:5      | Found a broken altar of Ashenzari.
  4837 | D:5      | Found a bloodstained altar of Trog.
  5204 | D:6      | Noticed Edmund
  5215 | D:6      | Killed Edmund
  5216 | D:6      | Reached XP level 9. HP: 73/81 MP: 8/8
  5525 | D:6      | Found Geniddez's General Store.
  5698 | D:6      | Found a hide-covered altar of Uskayaw.
  6317 | D:7      | Noticed Duvessa
  6317 | D:7      | Noticed Dowan
  6324 | D:7      | Killed Duvessa
  6325 | D:7      | Killed Dowan
  6595 | D:7      | Found a blossoming altar of Fedhas.
  6815 | D:8      | Reached **** piety under Trog
  6951 | D:8      | Found Ywiukhlyo's Armour Shoppe.
  6954 | D:8      | Bought a +2 pair of gloves of dexterity for 322 gold pieces
  7032 | D:8      | Noticed a two-headed ogre
  7042 | D:8      | Killed a two-headed ogre
  7043 | D:8      | Reached XP level 10. HP: 50/91 MP: 9/9
  7670 | D:8      | Noticed a skeletal warrior
  7678 | D:8      | Mangled by a skeletal warrior

Illustrated notes

Levels and vault maps discovered:
D:1:      dpeg_arrival_shrine, layout_loops_cross, serial_shops, shop_fountains,
          nicolae_shop_trees, shop, nicolae_shop_waterfront,
          minmay_misc_feat_hallway, chequers_garden
D:2:      cheibrodos_helix_gallery, layout_loops_ring,
          dreamdust_ecumenical_altar_drowned_temple
D:3:      layout_basic, mainiacjoe_overflow_tiny_flanked, uniq_grinder
D:4:      layout_basic, general_overflow_altar, minmay_temple_entry_crystal_x,
          serial_undead, serial_undead_d, serial_undead_b, serial_undead_e,
          serial_undead_d
D:5:      layout_basic, minitemple
D:6:      layout_basic, mainiacjoe_overflow_alcove_4, serial_shops,
          nicolae_shop_stone, wad_floor_pattern_1, uniq_edmund
D:7:      hellmonk_ruined_rings, layout_loops_ring, lemuel_round_altar,
          kennysheep_generic_room_14, uniq_duvessa
D:8:      layout_cave_pods, serial_shops, nicolae_shop_behind_doors,
          minmay_guarded_unrand_finisher

Skill      XL: |  1  2  3  4  5  6  7  8  9 |
---------------+----------------------------+-----
Axes           | 4 5 6 8 9 |  9.9
Fighting       | 4 5 6 7 9 |  9.8
Armour         | 3 4 5 6 7 9 |  9.5
Dodging        | 3 4 5 6 8 |  8.6

Action                   |  1- 3 |  4- 6 |  7- 9 | 10-12 || total
-------------------------+-------+-------+-------+-------++-------
Melee: Hand axe          |    44 |    81 |   208 |    14 ||   347
       Headbutt          |     6 |    17 |    39 |     5 ||    67
       Punch             |     1 |       |     4 |       ||     5
       Broad axe         |       |       |       |    19 ||    19
Invok: Berserk           |     1 |     5 |    15 |       ||    21
       Trog's Hand       |       |     1 |       |     1 ||     2
 Stab: Sleeping          |       |       |     1 |       ||     1
Armor: Animal skin       |     7 |    20 |    12 |       ||    39
       Chain mail        |       |       |    46 |    13 ||    59
Dodge: Dodged            |    44 |    62 |   181 |    24 ||   311
